 Dungeon Crawl Stone Soup version 0.26-a0-631-ged93497179 (webtiles) character file.

Game seed: 198492853585662616

898 Descartes the Covert (level 8, 0/50 HPs)
             Began as an Octopode Brigand on Sept 13, 2020.
             Slain by a sky beast (1 damage)
             ... in the Ecumenical Temple.
             The game lasted 00:08:55 (5600 turns).

Descartes the Covert (Octopode Brigand)             Turns: 5600, Time: 00:08:56

Health: 0/50       AC:  1    Str: 11    XL:     8   Next: 7%
Magic:  17/17      EV: 15    Int: 14    God:
Gold:   322        SH:  0    Dex: 14    Spells: 7/7 levels left

rFire    + . .     SeeInvis .   t - +3 quarterstaff "Remodiurch" {drain, rElec rPois} (curse)
rCold    x . .     Faith    .   (shield currently unavailable)
rNeg     . . .     Spirit   .   (helmet restricted)
rPois    +         Reflect  .   (no amulet)
rElec    +         Harm     .   f - ring of magical power
rCorr    .         Rampage  .   s - ring of fire
MR       .....                  (no ring)
Stlth    +++++.....             (no ring)
HPRegen  0.16/turn              (no ring)
MPRegen  0.15/turn              (no ring)
                                (no ring)
                                (no ring)

@: mighty, about to teleport
A: almost no armour, stealthy swim, amphibious, 8 rings, constrict 8, camouflage
1, gelatinous body 1
a: no special abilities


You were in the Ecumenical Temple.
You visited 2 branches of the dungeon, and saw 6 of its levels.
You also visited: Sewer.

You collected 322 gold pieces.

Inventory:

Hand Weapons
 m - a +3 dagger of venom
 t - the cursed +3 quarterstaff "Remodiurch" (weapon) {drain, rElec rPois}
   (You found it on level 4 of the Dungeon)

   A truly terrible weapon, it drains the life of those it strikes.
   It insulates you from electricity.
   It protects you from poison.
   It has a curse placed upon it.
Missiles
 b - 18 poisoned darts (quivered)
 c - 2 curare-tipped darts
 d - 133 stones
 g - 5 javelins
 h - 3 boomerangs
 j - 18 arrows
 l - 40 bolts
Armour
 n - a cursed +0 kite shield
Magical Staves
 w - an uncursed staff of cold {unknown}
Jewellery
 f - a ring of magical power (left tentacle)
 s - a ring of fire (right tentacle)
Wands
 v - a wand of digging (7)
Scrolls
 a - a scroll of amnesia {unknown}
 e - 8 scrolls of teleportation
 i - a scroll of remove curse
 q - a scroll of blinking {unknown}
 r - a scroll of fear {unknown}
 u - 2 scrolls of identify
Potions
 o - 4 potions of flight
 p - 3 potions of might


   Skills:
 - Level 2.0 Fighting
 + Level 5.3 Short Blades
 - Level 2.0 Throwing
 + Level 3.8 Dodging
 + Level 8.9 Stealth
 + Level 3.5 Shields


You had 7 spell levels left.
You didn't know any spells.
Your spell library was empty.

Dungeon Overview and Level Annotations

Branches:
Dungeon (5/15)             Temple (1/1) D:5           Sewer (visited)

Altars:
Ashenzari
Cheibriados
Dithmenos
Fedhas
Makhleb
Nemelex Xobeh
Okawaru
Ru
Sif Muna
Uskayaw
Vehumet
Wu Jian
Xom
Zin
The Shining One


Innate Abilities, Weirdness & Mutations

You cannot wear most types of armour.
You are very stealthy in the water. (Stealth+)
You are amphibious.
You can wear up to eight rings at the same time.
You can use your tentacles to constrict eight enemies at once.
Your skin changes colour to match your surroundings (Stealth+).
Your rubbery body absorbs attacks. (AC +1, EV +1)


Message History

Something shocks you. You resist.
* * * LOW HITPOINT WARNING * * *
You feel better. Something hits you.
* * * LOW HITPOINT WARNING * * *
Something shocks you. You resist.
* * * LOW HITPOINT WARNING * * *
You feel very mighty all of a sudden. Something barely misses you.
Okay, then.
You miss something. Something barely misses you.
You sock something! Something hits you.
* * * LOW HITPOINT WARNING * * *
Something shocks you. You resist.
* * * LOW HITPOINT WARNING * * *
Okay, then.
As you read the scroll of teleportation, it crumbles to dust.
You feel strangely unstable. Something hits you.
* * * LOW HITPOINT WARNING * * *
Something shocks you. You resist.
You die...

#........_...#...#..._........#
#.............................#
#.._...#...#..._...#...#..._..#
#.............................#
#........_...#...#..._........#
##...........................##
#.........#..._...#.........#
##.........................##
##....._...#@..#..._.....##
##.........{...........##
###........<........###
####...........####
#############


There were no monsters in sight!

Vanquished Creatures
  Eustachio (D:5)
  A phantom (D:4)
  2 hounds
  A centaur skeleton (D:5)
  A bullfrog skeleton (D:4)
  5 orc wizards
  An iguana (D:4)
  4 worker ants
  10 adders
  A gnoll (D:1)
  A river rat (D:3)
  6 oozes
  8 worms
  4 dart slugs
  A leopard gecko (D:3)
  11 orcs
  14 giant cockroaches
  5 goblins
  6 hobgoblins
  20 jackals
  13 kobolds
  2 ball pythons
  13 bats
  5 frilled lizards
  A leopard gecko skeleton (D:4)
  A quokka skeleton (D:5)
  A quokka zombie (D:5)
  11 rats
150 creatures vanquished.

Notes
Turn   | Place    | Note
-------+----------+-------------------------------------------
     0 | D:1      | Descartes the Octopode Brigand began the quest for the Orb.
     0 | D:1      | Reached XP level 1. HP: 14/14 MP: 1/1
   165 | D:1      | Reached XP level 2. HP: 15/19 MP: 2/2
   487 | D:1      | Reached skill level 6 in Stealth
   487 | D:1      | Reached XP level 3. HP: 24/24 MP: 3/3
   896 | D:2      | Found a radiant altar of Vehumet.
  1102 | D:2      | Reached XP level 4. HP: 29/29 MP: 4/4
  1986 | D:3      | Reached skill level 7 in Stealth
  2022 | D:3      | Found a glowing silver altar of Zin.
  2054 | D:3      | Reached XP level 5. HP: 15/34 MP: 5/5
  2109 | D:3      | Found a glowing drain.
  2116 | Sewer    | Entered a sewer
  2549 | Sewer    | Reached skill level 1 in Shields
  3418 | D:3      | Reached XP level 6. HP: 39/39 MP: 6/6
  4063 | D:4      | Reached skill level 8 in Stealth
  4063 | D:4      | Reached XP level 7. HP: 38/45 MP: 7/7
  4211 | D:4      | Got a twisted quarterstaff
  4212 | D:4      | Identified the cursed +3 quarterstaff "Remodiurch" {drain,
                  | rElec rPois} (You found it on level 4 of the Dungeon)
  5227 | D:5      | Entered Level 5 of the Dungeon
  5274 | D:5      | Reached skill level 5 in Short Blades
  5428 | D:5      | Found a staircase to the Ecumenical Temple.
  5514 | D:5      | Noticed Eustachio
  5519 | Temple   | Entered the Ecumenical Temple
  5582 | D:5      | Killed Eustachio
  5582 | D:5      | Reached XP level 8. HP: 42/50 MP: 8/8
  5599 | Temple   | HP: 2/50 [something (1)]
  5600 | Temple   | Slain by a sky beast

Illustrated notes

Levels and vault maps discovered:
D:1:      mrwooster_arrival_statue, layout_basic, minmay_misc_feat_pillars,
          minmay_pentomino_w2
D:2:      layout_basic, overflow_temple_1_default
D:3:      layout_loops_cross, old_standard_altar, lightli_sewer_entry_pipes
D:4:      layout_basic
D:5:      layout_rooms, minmay_temple_entry_ruins, uniq_eustachio, uniq_pikel
Temple:   cyrus_circular_temple

Skill      XL: |  1  2  3  4  5  6  7 |
---------------+----------------------+-----
Stealth        | 6 7 8 |  8.9
Short Blades   | 3 4 5 |  5.3
Shields        | 1 2 3 |  3.5
Dodging        | 2 3 |  3.8
Fighting       | |  2.0
Throwing       | |  2.0

Action                   |  1- 3 |  4- 6 |  7- 9 || total
-------------------------+-------+-------+-------++-------
Melee: Dagger            |    42 |   160 |     5 ||   207
       Constrict         |    10 |    44 |    13 ||    67
       Tentacles         |     7 |    33 |    12 ||    52
       Quarterstaff      |       |       |    71 ||    71
  Use: Scroll            |       |     6 |     2 ||     8
       Potion            |       |       |     2 ||     2
 Stab: Sleeping          |    12 |    32 |     4 ||    48
       Distracted        |     1 |       |     1 ||     2
Armor: Skin              |     7 |     8 |     4 ||    19
Dodge: Dodged            |    13 |    84 |    49 ||   146

Table legend: (Time is in decaauts)
 A = Elapsed time spent in this place.
 B = Non-inter-level travel time spent in this place.
 C = Inter-level travel time spent in this place.
 D = Time resting spent in this place.
 E = Time spent auto-exploring this place.
 F = Levels seen in this place.
 G = Mean time per level.
                   A        B        C        D        E       F      G
               +--------+--------+--------+--------+--------+-----+--------+
         Total |   5595 |   5470 |    125 |      0 |   4523 |   7 |  799.3 |
       Dungeon |   4659 |   4543 |    116 |      0 |   3784 |   5 |  931.8 |
        Temple |     76 |     67 |      9 |      0 |     50 |   1 |   76.0 |
         Sewer |    859 |    859 |      0 |      0 |    689 |   1 |  859.0 |
               +--------+--------+--------+--------+--------+-----+--------+

Top non-repeatable levels by time:
     D:4: 1330 daAuts
     D:3: 1075 daAuts
     D:2: 1056 daAuts
     D:1: 890 daAuts
   Sewer: 859 daAuts
     D:5: 306 daAuts
  Temple: 76 daAuts
